 Dungeon Crawl Stone Soup version 0.21.1-1-g345015fe64 (webtiles) character file.

112 Gargoyl the Skirmisher (level 4, -1/40 HPs)
             Began as a Centaur Abyssal Knight on July 8, 2018.
             Was a Follower of Lugonu.
             Slain by a black bear (10 damage)
             ... on level 4 of the Dungeon.
             The game lasted 00:05:25 (2747 turns).

Gargoyl the Skirmisher (Centaur Abyssal Knight)     Turns: 2747, Time: 00:05:26

Health: -1/40      AC:  7    Str: 15    XL:     4   Next: 64%
Magic:  15/15      EV:  9    Int: 11    God:    Lugonu [*.....]
Gold:   130        SH:  0    Dex:  9    Spells: 3/3 levels left

rFire    . . .     SeeInvis +   a - +2 hand axe
rCold    . . .     Gourm    .   (no shield)
rNeg     . . .     Faith    .   b - +0 leather armour
rPois    .         Spirit   .   e - +0 helmet
rElec    .         Reflect  .   (no cloak)
rCorr    .         Harm     .   (no gloves)
MR       .....                  (no barding)
Stlth    ..........             (no amulet)
HPRegen  0.13/turn              j - ring of magical power
MPRegen  0.14/turn              (no ring)

@: very quick
A: large, hooves 3, iridescent scales 1, see invisible, deformed body,
deterioration 1, speed 2, tough skin 3
a: Depart the Abyss, Renounce Religion


You were on level 4 of the Dungeon.
You worshipped Lugonu.
Lugonu was aware of your devotion.
You were not hungry.

You visited 1 branch of the dungeon, and saw 4 of its levels.
You visited the Abyss 1 time.

You collected 130 gold pieces.

Inventory:

Hand Weapons
 a - a +2 hand axe (weapon)
Armour
 b - a +0 leather armour (worn)
 e - a +0 helmet (worn)
Jewellery
 j - a ring of magical power (left hand)
Scrolls
 g - 2 scrolls of magic mapping
 h - 2 scrolls of teleportation
 k - 2 scrolls of identify
 n - a scroll of remove curse
Potions
 f - a potion of flight
 i - a potion of agility {unknown}
Comestibles
 c - 5 rations
 l - a chunk of flesh


   Skills:
 + Level 3.7 Fighting
 + Level 2.6 Axes
 * Level 2.2 Armour
 + Level 1.0 Dodging
 * Level 2.8 Invocations


You had 3 spell levels left.
You didn't know any spells.

Dungeon Overview and Level Annotations

Branches:
Dungeon (4/15)
 Temple: D:4-7

Altars:
Uskayaw
Xom


Innate Abilities, Weirdness & Mutations

You have hooves in place of feet.
Armour fits poorly on your strangely shaped body.
You cover ground very quickly.
You have extremely tough skin. (AC +3)
You are partially covered in iridescent scales. (AC +2)
You have supernaturally acute eyesight. (SInv)
Your body sometimes deteriorates upon taking damage.


Message History

Your kick misses the black bear.
The black bear is severely wounded.
The black bear bites you.
* * * LOW HITPOINT WARNING * * *
The black bear claws you.
* * * LOW HITPOINT WARNING * * *
The black bear closely misses you. The black bear completely misses you.
The black bear barely misses you. The black bear claws you.
* * * LOW HITPOINT WARNING * * *
You feel better.
The black bear bites you but does no damage.
The black bear barely misses you.
The black bear claws you but does no damage.
It was a potion of mutation.
You feel extremely strange.
Iridescent scales grow over part of your body.
You feel yourself wasting away.
Your vision sharpens.
The black bear barely misses you. The black bear claws you!
* * * LOW HITPOINT WARNING * * *
The black bear closely misses you. The black bear bites you!
You die...

..# ##.###......
#.# #.## ##.....
#.# ##.###.....#
... ##.#.#...##
##.########.###.##
..........#.###.#
#.###..........#
#h# #.##########
#@# #.# #.# #.#
#(# #.# #.# #.#
#.# #.# #.# #.#
#.# #.#
.#####.###.#
#...........#


You could see a black bear (berserk).

Vanquished Creatures
  A hound skeleton (D:4)
  4 adders
  A worm (D:3)
  2 dart slugs
  4 leopard geckos
  9 bats
  4 giant cockroaches
  4 goblins
  3 hobgoblins (D:1)
  2 quokkas
  2 ball pythons (D:1)
  3 frilled lizards
  8 kobolds
  8 rats
55 creatures vanquished.

Notes
Turn   | Place    | Note
-------+----------+-------------------------------------------
     0 | Abyss:1  | Gargoyl the Centaur Abyssal Knight began the quest for the Orb.
     0 | Abyss:1  | Reached XP level 1. HP: 19/19 MP: 2/2
    83 | Abyss:1  | Noticed a neqoxec
    83 | Abyss:1  | Noticed a hell hog
    83 | Abyss:1  | Noticed a dire elephant skeleton
    83 | Abyss:1  | Noticed a sixfirhy
    84 | Abyss:1  | Noticed a profane servitor
    84 | Abyss:1  | Noticed a death drake
    84 | D:1      | Escaped the Abyss
   263 | D:1      | Reached * piety under Lugonu
   296 | D:1      | Reached XP level 2. HP: 26/26 MP: 3/3
  1154 | D:2      | Reached XP level 3. HP: 29/31 MP: 4/4
  1191 | D:2      | Found a shimmering altar of Xom.
  1489 | D:2      | Reached ** piety under Lugonu
  1957 | D:3      | Reached XP level 4. HP: 29/40 MP: 5/5
  2474 | D:4      | Reached skill level 1 in Dodging
  2631 | D:4      | Noticed a dagger
  2631 | D:4      | Noticed a hand axe
  2634 | D:4      | Found a hide-covered altar of Uskayaw.
  2737 | D:4      | Noticed a black bear
  2747 | D:4      | Gained mutation: You are partially covered in iridescent scales. (AC +2) [potion of mutation]
  2747 | D:4      | Gained mutation: Your body sometimes deteriorates upon taking damage. [potion of mutation]
  2747 | D:4      | Gained mutation: You have supernaturally acute eyesight. (SInv) [potion of mutation]
  2747 | D:4      | Slain by a black bear

Skill      XL: |  1  2  3  4 |
---------------+-------------+-----
Axes           | 2 |  2.6
Armour         | 2 |  2.2
Dodging        | 1 |  1.0
Fighting       | |  3.7
Invocations    | |  2.8

Action                   |  1- 3 |  4- 6 || total
-------------------------+-------+-------++-------
Melee: Hand axe          |   121 |    44 ||   165
       Kick              |    15 |     7 ||    22
Invok: Depart the Abyss  |     1 |       ||     1
  Use: Potion            |     2 |     2 ||     4
       Scroll            |     5 |     4 ||     9
  Eat: Chunk             |     2 |     2 ||     4
Armor: Leather armour    |    65 |    30 ||    95
Dodge: Dodged            |    55 |    51 ||   106
